 Dungeon Crawl Stone Soup version 0.23.2-1-ga50397a6bc (webtiles) character file.

Game seed: 15850785596039871194

20 Descartes the Sneak (level 2, -1/13 HPs)
             Began as a Vine Stalker Enchanter on Apr 30, 2019.
             Slain by an orc
             ... wielding a +0 whip
              (3 damage)
             ... on level 2 of the Dungeon.
             The game lasted 00:03:09 (1385 turns).

Descartes the Sneak (Vine Stalker Enchanter)        Turns: 1385, Time: 00:03:09

Health: -1/13      AC:  3    Str: 10    XL:     2   Next: 79%
Magic:  0/6        EV: 12    Int: 15    God:
Gold:   40         SH:  0    Dex: 14    Spells: 4/5 levels left

rFire    . . .     SeeInvis .   e - +1 dagger (elec)
rCold    . . .     Gourm    .   (no shield)
rNeg     . . .     Faith    .   b - +0 robe
rPois    .         Spirit   +   (no helmet)
rElec    .         Reflect  .   (no cloak)
rCorr    .         Harm     .   (no gloves)
MR       .....                  c - +0 pair of boots
Stlth    +++.......             (no amulet)
HPRegen  0.04/turn              (no ring)
MPRegen  0.10/turn              (no ring)

@: no status effects
A: fangs 2, magic shield, antimagic bite, no potion heal 3, rot immunity
a: no special abilities


You were on level 2 of the Dungeon.
You were not hungry.

You visited 1 branch of the dungeon, and saw 2 of its levels.

You collected 40 gold pieces.

Inventory:

Hand Weapons
 e - a +1 dagger of electrocution (weapon)
Missiles
 i - 28 sling bullets
Armour
 b - a +0 robe (worn)
 c - a +0 pair of boots (worn)
 j - a +0 scale mail
Scrolls
 g - a scroll of identify {unknown}
Potions
 a - a potion of might {unknown}
 h - a potion of degeneration {unknown}
 k - 2 potions of cancellation {unknown}
Comestibles
 d - 3 rations
 f - 5 chunks of flesh


   Skills:
 + Level 1.0 Short Blades
 * Level 1.8 Dodging
 * Level 3.9 Stealth
 * Level 0.7 Unarmed Combat
 + Level 2.3 Spellcasting
 * Level 3.2 Hexes


You had 4 spell levels left.
You knew the following spells:

 Your Spells              Type           Power        Failure   Level  Hunger
a - Corona                Hex            ##.....      6%          1    #......

Your spell library contained the following spells:

 Spells                   Type           Power        Failure   Level  Hunger
 Ensorcelled Hibernation  Hex/Ice        #.....       17%         2    ###....
 Confuse                  Hex            ##......     17%         3    ###....
 Tukima's Dance           Hex            ##......     17%         3    ###....
 Dazzling Spray           Conj/Hex       #.....       32%         3    ###....


Dungeon Overview and Level Annotations

Branches:
Dungeon (2/15)

Altars:
Vehumet

Annotations:
D:2 Robin


Innate Abilities, Weirdness & Mutations

You have extremely sharp teeth.
When hurt, damage is shared between your health and your magic reserves.
Your bite disrupts and absorbs the magic of your enemies.
Potions cannot restore your health.
You are immune to rotting.


Message History

You hit the goblin.
The goblin is severely wounded.
The goblin hits you.
You barely miss the goblin. You bite the goblin.
You kill the goblin!
The orc priest calls down the wrath of Beogh upon you.
Beogh smites you!
Ouch! That really hurt!
* * * LOW HITPOINT WARNING * * *
You are too injured to fight recklessly!
You are too injured to fight recklessly!
You are too injured to fight recklessly!
The orc priest miscasts a cantrip.
A kobold comes into view. It is wielding a +0 whip.
Things that are here:
a +0 club; a goblin skeleton A goblin and Robin come into view.
A goblin comes into view.
The orc hits you with a +0 whip.
You die...

## ##########o..)..# .##
#.###### ..## #.# ...#######
#o# ...(.....# #)# #
.#.#####.# #.# ####.#
.#.#####.####o### #<..#
.#.##.....gg....#########...#
.#.##.##.......o@.)........_#
.#.##. #.g#####.#.########.##
.#........# #.#.# ..#
.####.###.# #.#.# .#.# .. ...
... #.#.# .### ##. #.#. #.#.#
.# #. #.#. #.#.# )# #.#.#
#.#.#


You could see Robin (wandering), 2 orcs and 2 goblins.

Vanquished Creatures
  A giant cockroach (D:1)
  2 goblins (D:2)
  3 hobgoblins
  3 bats (D:1)
  2 frilled lizards (D:1)
  5 kobolds (D:1)
  4 rats (D:1)
20 creatures vanquished.

Notes
Turn   | Place    | Note
-------+----------+-------------------------------------------
     0 | D:1      | Descartes the Vine Stalker Enchanter began the quest for
                  | the Orb.
     0 | D:1      | Reached XP level 1. HP: 9/9 MP: 4/4
   165 | D:1      | Reached skill level 1 in Short Blades
   317 | D:1      | Reached XP level 2. HP: 12/13 MP: 3/6
  1265 | D:2      | Found a radiant altar of Vehumet.
  1382 | D:2      | Noticed Robin
  1385 | D:2      | Slain by an orc

Skill      XL: |  1 |
---------------+----+-----
Short Blades   | 1 |  1.0
Dodging        | |  1.8
Stealth        | |  3.9
Unarmed Combat | |  0.7
Spellcasting   | |  2.3
Hexes          | |  3.2

Action                   || total
-------------------------++-------
Melee: Dagger            ||    46
       Bite              ||    13
 Stab: Sleeping          ||     6
  Eat: Chunk             ||     1
Armor: Robe              ||     9
Dodge: Dodged            ||    15
